 Dungeon Crawl Stone Soup version 0.29-a0-307-gecccbbdb84 (webtiles) character file.

Game seed: 16718067959947700739

14000 wakim the Martial Artist (level 12, -4/102 HPs)
             Began as an Octopode Transmuter on Mar 27, 2022.
             Was an Initiate of Gozag.
             Killed from afar by an ogre mage (49 damage)
             ... with a bolt of magma
             ... on level 10 of the Dungeon.
             The game lasted 00:53:19 (17479 turns).

wakim the Martial Artist (Octopode Transmuter)     Turns: 17479, Time: 00:53:19

Health: -4/102     AC:  8    Str: 16    XL:     12   Next: 11%
Magic:  7/16       EV: 15    Int: 20    God:    Gozag
Gold:   1405       SH:  0    Dex: 12    Spells: 2/17 levels left

rFire   x . .      SeeInvis .     - Unarmed
rCold   + + +      Faith    .   (shield currently unavailable)
rNeg    . . .      Spirit   .   (helmet currently unavailable)
rPois   +          Reflect  .   (no amulet)
rElec   .          Harm     .   (no ring)
rCorr   .          Rampage  .   X - ring of Oenomania {rC+ EV+4}
Will    .....                   V - +6 ring of strength
Stlth   ++........              W - ring of flight
HPRegen 0.27/turn               (no ring)
MPRegen 0.15/turn               (no ring)
                                (no ring)
                                (no ring)

@: ice-form, gold aura, freezing walls, flying
A: freezing attack, boosted hp, almost no armour, amphibious, 8 rings, large,
(camouflage 1), (gelatinous body 1), (nimble swimmer 1), (tentacles)
a: End Transformation, Renounce Religion, Potion Petition, Call Merchant, Bribe
Branch


You were on level 10 of the Dungeon.
You worshipped Gozag.
Gozag was most pleased with you.
You were a creature of crystalline ice.
You visited 2 branches of the dungeon, and saw 11 of its levels.
You also visited: Sewer.

You collected 2071 gold pieces.
You spent 592 gold pieces at shops.
You paid 74 gold pieces to Gozag.

Inventory:

Missiles
 G - a throwing net {=f!f}
 P - 6 curare-tipped darts {=f}
Armour
 a - a +0 buckler (melded)
 B - a +2 hat (melded)
Jewellery
 Q - a ring of resist corrosion
 S - a ring of protection from fire
 V - a +6 ring of strength (on tentacle)
 W - a ring of flight (on tentacle)
 X - the ring of Oenomania (right front paw) {rC+ EV+4}
   (You found it on level 3 of the Dungeon)

   [ring of evasion]

   EV:        It affects your evasion (+4).
   rC:        It protects you from cold.
Wands
 v - a wand of flame (16)
 w - a wand of acid (5)
 x - a wand of charming (7)
 y - a wand of paralysis (3)
 z - a wand of polymorph (14)
Scrolls
 u - a scroll of silence {unknown}
 R - a scroll of magic mapping {!r}
 T - 8 scrolls of teleportation
 U - a scroll of fear
 Y - a scroll of enchant armour
 Z - 2 scrolls of amnesia
Potions
 A - a potion of ambrosia
 C - 2 potions of berserk rage {!q}
 D - a potion of brilliance
 E - 4 potions of cancellation
 F - 6 potions of curing
 H - a potion of haste
 I - 2 potions of invisibility
 J - 2 potions of heal wounds
 K - 3 potions of magic
 L - 6 potions of lignification {!q}
 M - 2 potions of mutation {!q}
 N - 2 potions of might
 O - 2 potions of attraction {unknown}


   Skills:
 + Level 9.3 Fighting
 - Level 6.0 Dodging
 - Level 3.0 Stealth
 - Level 4.0 Shields
 + Level 10.3 Unarmed Combat
 - Level 3.0 Spellcasting
 * Level 9.0 Transmutations
 - Level 6.0 Ice Magic
 + Level 5.3 Poison Magic


You had 2 spell levels left.
You knew the following spells:

 Your Spells              Type           Power      Damage    Failure   Level
a - Frozen Ramparts       Ice            54%        1d7       3%          3
b - Blade Hands           Tmut           19%        N/A       10%         5
c - Ice Form              Ice/Tmut       33%        N/A       6%          4
x - Spider Form           Tmut/Pois      31%        N/A       2%          3

Your spell library contained the following spells:

 Spells                   Type           Power      Damage    Failure   Level
 Beastly Appendage        Tmut           78%        N/A       1%          1
 Sting                    Tmut/Pois      100%       1d8       1%          1
 Wereblood                Tmut           39%        N/A       1%          2
 Passwall                 Tmut/Erth      17%        N/A       3%          2
 Ensorcelled Hibernation  Hex/Ice        30%        N/A       6%          2
 Animate Skeleton         Necr           6%         N/A       14%         1
 Pain                     Necr           12%        1d4       14%         1
 Static Discharge         Conj/Air       3%         N/A       22%         2
 Sublimation of Blood     Necr           3%         N/A       22%         2
 Olgreb's Toxic Radiance  Pois           24%        N/A       16%         4
 Alistair's Intoxication  Tmut/Pois      20%        N/A       22%         5
 Swiftness                Air            3%         N/A       38%         3
 Vampiric Draining        Necr           3%         2d6       38%         3
 Summon Ice Beast         Ice/Summ       15%        N/A       38%         4
 Eringya's Noxious Bog    Tmut/Pois      15%        N/A       75%         6
 Lightning Bolt           Conj/Air       1%         1d12      98%         5
 Iron Shot                Conj/Erth      1%         9d1       100%        6
 Summon Hydra             Summ           1%         N/A       100%        7
 Maxwell's Capacitive Co  Air            1%         ∞         100%        8
 Animate Armour           Summ/Erth      Unusable   N/A       N/A         4

Dungeon Overview and Level Annotations

Branches:
Dungeon (10/15)            Temple (1/1) D:5             Orc (0/2) D:10
  Sewer (visited)
   Lair: D:8-11

Altars:
Ashenzari
Cheibriados
Dithmenos
Elyvilon
Fedhas
Gozag
Hepliaklqana
Kikubaaqudgha
Makhleb
Nemelex Xobeh
Okawaru
Qazlal
Ru
Sif Muna
Trog
Uskayaw
Vehumet
Wu Jian
Xom
Yredelemnul
Zin
The Shining One

Shops:
D:3 (   D:6 *   D:9 ?

Annotations:
D:8 exclusion: hydra


Innate Abilities, Weirdness & Mutations

You are a creature of crystalline ice.
You have a powerful freezing melee attack.
Your maximum health is increased.
Your armour is entirely melded.
You are incapable of wielding weapons or throwing items.
You cannot wear most types of armour.
You are amphibious.
You can wear up to eight rings at the same time.
((Your skin changes colour to match your surroundings (Stealth+).))
((Your rubbery body absorbs attacks. (AC +1, EV +1)))
((You are camouflaged when in or above water. (Stealth+)))
((You have tentacles for arms and can constrict up to eight enemies at once.))


Message History

48/85 (-19)
You bludgeon the purple ugly thing!
You kill the purple ugly thing!
The wall freezes something!
The howler monkey simulacrum completely resists.
The wall freezes the howler monkey simulacrum but does no damage.
The howler monkey simulacrum is distracted by your dazzling golden aura.
The efreet gestures at you.
The fireball explodes!
The fireball engulfs something!!
The fireball engulfs the howler monkey simulacrum!!!
The howler monkey simulacrum melts!
The howler monkey simulacrum vaporises!
You hear a sizzling sound!
The fireball engulfs something!
Your Transmutations skill increases to level 9!
Unknown command.
The frozen ramparts melt away as you move.
You are too injured to fight recklessly!
Casting: Frozen Ramparts (dangerous; 4% risk of failure)
Confirm with . or Enter, or press ? or * to list all spells.
Casting: Frozen Ramparts (dangerous; 4% risk of failure)
Press: ? - help, Dir - look around, f - activate The walls around you are covered in ice.
The wall freezes something.
Something hits you!
* * * LOW HITPOINT WARNING * * *
Casting: Frozen Ramparts (dangerous; 4% risk of failure)
Confirm with . or Enter, or press ? or * to list all spells.
You turn into a creature of crystalline ice.
Your +2 hat melds into your body.
Your +0 buckler melds into your body.
The wall freezes something.
Something hits you but does no damage.
Unknown command.
You hit something but do no damage. You completely miss something.
The wall freezes something.
You hear some strange, mumbled words.
You punch something! You freeze something.
The wall freezes something.
You hear some strange, mumbled words.
A bolt of magma appears from out of thin air!
The bolt of magma hits you!!! The lava burns you terribly!
You die...
Your body crumbles into a pile of gold.

......# ..###?#.# #..≈....8###..
......# ###[..z.# #8..8≈..)..+..
......# ..###?#R# #..≈....8###..
......#### ..###.# #8)...8###....
......#..### ..#.# #)..8###......
......#....####${###.8###........
......#.#....###$#..###..........
.####.#...#....##{.##............
.# #.#.#...#...Y###..#####......
.####.#...#....####..## #......
......#.#....###.....######......
......#.)..###...................
......#..###............#########
..###.'###...##########.#########
..###............................
.................................
.................................


There were no monsters in sight!

Vanquished Creatures
  A centaur warrior (D:9)
  3 skeletal warriors (D:9)
  Pikel (D:8)
  An ugly thing (D:10)
  An efreet (D:10)
  A troll (D:10)
  The ghost of cheburek the Covert, a novice VSEn (D:5)
  A hornet (D:10)
  Grinder (D:3)
  Sigmund (D:2)
  2 shadows (D:10)
  2 hogs (D:10)
  2 wraiths (D:10)
  8 yaks
  A human (D:10)
  Grum (D:8)
  A steam dragon (D:10)
  The ghost of Stick the Ducker, an amateur GnWn (D:4)
  An acid dragon (D:10)
  2 water moccasins
  Edmund (D:6)
  6 orc warriors
  4 ice beasts
  3 sky beasts
  5 wolves (D:8)
  3 centaurs (D:9)
  A phantom (D:4)
  2 lemures (D:8)
  13 kobold brigands
  2 gnoll sergeants (D:9)
  3 necrophages
  7 bullfrogs
  2 scorpions
  A water moccasin zombie (D:5)
  A wyvern skeleton (D:5)
  25 wights
  6 killer bees (D:7)
  A howler monkey (D:6)
  8 orc priests
  A bullfrog zombie (D:5)
  A hound (D:5)
  A gnoll shaman (D:8)
  5 jellies
  Terence (D:2)
  5 iguanas
  12 orc wizards
  2 centaur simulacra (D:8)
  2 adders (Sewer)
  26 gnolls
  6 river rats (Sewer)
  3 shadow imps
  A white imp (D:8)
  3 ufetubi
  2 worms
  A dart slug (D:3)
  26 orcs
  7 ball pythons
  5 bats
  9 endoplasms
  5 giant cockroaches
  11 goblins
  5 hobgoblins
  10 jackals
  3 quokkas
  3 frilled lizards
  45 kobolds
  32 rats
  3 butterflies (D:6)
363 creatures vanquished.

Vanquished Creatures (others)
  A howler monkey simulacrum (D:10)
1 creature vanquished.

Grand Total: 364 creatures vanquished

Notes
Turn   | Place    | Note
-------+----------+-------------------------------------------
     0 | D:1      | wakim the Octopode Transmuter began the quest for the Orb.
     0 | D:1      | Reached XP level 1. HP: 13/13 MP: 3/3
   318 | D:1      | Reached XP level 2. HP: 18/18 MP: 3/5
   377 | D:1      | Reached skill level 1 in Stealth
   883 | D:1      | Found a faded altar of an unknown god.
  1173 | D:2      | Reached XP level 3. HP: 24/24 MP: 4/6
  1235 | D:2      | Noticed Sigmund
  1316 | D:2      | Noticed Terence
  1325 | D:2      | Killed Terence
  1433 | D:2      | Reached XP level 4. HP: 29/30 MP: 7/7
  2000 | D:3      | Identified the ring of Oenomania {rC+ EV+4}
  2228 | D:3      | Learned a level 3 spell: Spider Form
  2472 | D:3      | Found Lyebruem's Weapon Boutique.
  2479 | D:3      | Reached skill level 4 in Unarmed Combat
  2507 | D:3      | Noticed Grinder
  2972 | D:3      | Reached XP level 5. HP: 35/36 MP: 6/8
  3551 | D:3      | Killed Grinder
  3552 | D:3      | Reached skill level 5 in Unarmed Combat
  3552 | D:3      | Reached XP level 6. HP: 42/44 MP: 9/9
  3811 | D:3      | Found a bloodstained altar of Trog.
  3956 | D:4      | Reached XP level 7. HP: 33/49 MP: 8/10
  4239 | D:4      | Found a glowing drain.
  4253 | D:4      | Learned a level 4 spell: Ice Form
  4254 | Sewer    | Entered a sewer
  4408 | Sewer    | Reached skill level 5 in Fighting
  4408 | Sewer    | Reached skill level 1 in Ice Magic
  4838 | Sewer    | Reached XP level 8. HP: 36/55 MP: 9/11
  5332 | D:4      | Reached skill level 6 in Unarmed Combat
  5336 | D:4      | Found a large runed translucent door.
  5336 | D:4      | Found a large runed translucent door.
  5341 | D:4      | Noticed Stick's ghost (amateur GnWn)
  5660 | D:4      | Learned a level 3 spell: Frozen Ramparts
  6042 | D:4      | Killed Stick's ghost
  6092 | D:5      | Entered Level 5 of the Dungeon
  7071 | D:5      | Found a transporter.
  7071 | D:5      | Noticed cheburek's ghost (novice VSEn)
  7073 | D:5      | Found a transporter.
  7130 | D:5      | Found a staircase to the Ecumenical Temple.
  7134 | Temple   | Entered the Ecumenical Temple
  7317 | Temple   | Became a worshipper of Gozag Ym Sagoz the Greedy
  8335 | D:2      | Killed Sigmund
  8336 | D:2      | Reached skill level 5 in Transmutations
  8336 | D:2      | Reached XP level 9. HP: 55/62 MP: 10/13
  8618 | D:6      | Noticed Edmund
  8625 | D:6      | Killed Edmund
  8761 | D:6      | Reached skill level 5 in Ice Magic
  9358 | D:6      | Reached skill level 7 in Unarmed Combat
  9773 | D:6      | Identified the +1 leather armour of Fieppido {rF+++ rC-
                  | rCorr Int-5}
  9851 | D:6      | Found Gicsuwnets's General Store.
  9906 | D:6      | Bought a potion of cancellation for 96 gold pieces
  9906 | D:6      | Bought a scroll of teleportation for 36 gold pieces
  9926 | D:7      | Reached skill level 1 in Shields
 10026 | D:7      | Got the Catalogue of Venom
 10159 | D:7      | Reached XP level 10. HP: 42/69 MP: 0/14
 11245 | D:8      | Noticed Grum
 11360 | D:8      | Killed Grum
 11361 | D:8      | Reached skill level 8 in Unarmed Combat
 11516 | D:8      | Noticed Pikel
 11529 | D:8      | Killed Pikel
 11908 | D:8      | Reached skill level 9 in Unarmed Combat
 11962 | D:8      | Noticed an eight-headed hydra
 12384 | D:8      | Learned a level 5 spell: Blade Hands
 12529 | D:9      | Noticed a skeletal warrior
 12529 | D:9      | Noticed a skeletal warrior
 12546 | D:9      | Reached skill level 5 in Dodging
 12565 | D:9      | Reached skill level 1 in Poison Magic
 12565 | D:9      | Reached XP level 11. HP: 49/77 MP: 10/15
 12741 | D:9      | Noticed a centaur warrior
 12757 | D:9      | Killed a centaur warrior
 12814 | D:9      | HP: 1/76 [gnoll/+0 club (4)]
 14120 | D:9      | Noticed a skeletal warrior
 14129 | D:9      | Killed a skeletal warrior
 14359 | D:9      | Killed a skeletal warrior
 14687 | D:9      | Found Hysao's Magic Scroll Shop.
 14741 | D:9      | Bought a scroll of teleportation for 48 gold pieces
 14741 | D:9      | Bought a scroll of teleportation for 48 gold pieces
 14741 | D:9      | Bought a scroll of identify for 32 gold pieces
 14741 | D:9      | Bought a scroll of identify for 32 gold pieces
 14749 | D:9      | Killed a skeletal warrior
 15280 | D:10     | Entered Level 10 of the Dungeon
 15355 | D:6      | Bought a ring of protection from fire for 300 gold pieces
 15394 | D:5      | Killed cheburek's ghost
 16190 | D:10     | Reached skill level 10 in Unarmed Combat
 17037 | D:10     | Found a staircase to the Orcish Mines.
 17054 | D:10     | Reached XP level 12. HP: 85/85 MP: 12/16
 17137 | D:10     | Reached skill level 5 in Poison Magic
 17464 | D:10     | Noticed an ogre mage
 17464 | D:10     | Noticed an ogre mage
 17479 | D:10     | Killed from afar by an ogre mage

Illustrated notes

Levels and vault maps discovered:
D:1:      dpeg_arrival_castle, layout_loops_ring,
          shapermc_ecumenical_altar_mp_highgroup
D:2:      layout_basic, uniq_terence, uniq_sigmund
D:3:      layout_loops_corners, nicolae_overflow_crystal_walls, serial_shops,
          nicolae_square_shop, uniq_grinder
D:4:      layout_basic, ebering_ghost_disaster_area, gup_sewer_entry_bowl
D:5:      layout_basic, minmay_temple_entry_glassed_door,
          gammafunk_ghost_mausoleum, kennysheep_small_spiral, dk_vineyard_1,
          minmay_misc_feat_chi
D:6:      layout_loops_ring, serial_shops, shop, hangedman_glass_garden,
          uniq_edmund
D:7:      layout_basic, lemuel_another_geyser
D:8:      layout_rooms, serial_ice, serial_ice_d, serial_ice_h, serial_ice_o,
          serial_ice_a, minmay_misc_feat_tower, grunt_ministairs_7, uniq_grum,
          uniq_pikel
D:9:      layout_rooms, serial_shops, shop, enter_bailey_5, serial_corexii_hall,
          chequers_hall_statues_wall_a, chequers_hall_statues_wall_a,
          st_stairs_3
D:10:     minmay_the_grid_triangle_9x9_recursive_2
          [minmay_the_grid_triangle_9x9_prize_top_heavy,
          minmay_the_grid_triangle_9x9_negative_grid,
          minmay_the_grid_triangle_9x9_flanged_cone,
          minmay_the_grid_triangle_9x9_shrine], layout_long_grid, orc_0_dummy,
          grunt_livestock
Temple:   mainiacjoe_temple_archimedes_tessellation

Skill      XL: |  1  2  3  4  5  6  7  8  9 10 11 12 |
---------------+-------------------------------------+-----
Stealth        | 1 2 3 |  3.0
Fighting       | 2 3 4 5 6 8 9 |  9.3
Unarmed Combat | 4 5 6 7 9 10 | 10.3
Ice Magic      | 2 4 6 |  6.0
Transmutations | 3 5 6 8 9 |  9.0
Spellcasting   | 3 |  3.0
Shields        | 2 4 |  4.0
Dodging        | 5 6 |  6.0
Poison Magic   | 1 4 5 |  5.3

Action                   |  1- 3 |  4- 6 |  7- 9 | 10-12 || total
-------------------------+-------+-------+-------+-------++-------
Melee: Unarmed           |    54 |    91 |   265 |   306 ||   716
       Kick              |    23 |    28 |    26 |       ||    77
       Constrict         |    13 |    23 |    44 |    11 ||    91
       Tentacles         |    10 |    13 |    32 |    12 ||    67
       Punch             |     1 |     2 |    11 |     8 ||    22
Throw: Dart              |       |       |     1 |       ||     1
 Cast: Beastly Appendage |    22 |    26 |    12 |       ||    60
       Spider Form       |       |     1 |    17 |     7 ||    25
       Frozen Ramparts   |       |       |    24 |    36 ||    60
       Ice Form          |       |       |     7 |    29 ||    36
       Blade Hands       |       |       |       |     4 ||     4
  Use: Scroll            |     2 |     4 |    13 |     9 ||    28
       Potion            |       |     1 |       |     2 ||     3
 Stab: Sleeping          |     4 |     4 |     8 |       ||    16
       Distracted        |       |       |       |     8 ||     8
Armor: Skin              |     2 |     8 |    16 |    55 ||    81
Dodge: Dodged            |    21 |    80 |   194 |   240 ||   535
Block: Buckler           |       |       |     1 |     7 ||     8

Table legend: (Time is in decaauts)
 A = Elapsed time spent in this place.
 B = Non-inter-level travel time spent in this place.
 C = Inter-level travel time spent in this place.
 D = Time resting spent in this place.
 E = Time spent auto-exploring this place.
 F = Levels seen in this place.
 G = Mean time per level.
                   A        B        C        D        E       F      G
               +--------+--------+--------+--------+--------+-----+--------+
         Total |  17422 |  16438 |    984 |   2356 |  11239 |  12 | 1451.8 |
       Dungeon |  16330 |  15376 |    954 |   2356 |  10479 |  10 | 1633.0 |
        Temple |    214 |    184 |     30 |      0 |    160 |   1 |  214.0 |
         Sewer |    877 |    877 |      0 |      0 |    600 |   1 |  877.0 |
               +--------+--------+--------+--------+--------+-----+--------+

Top non-repeatable levels by time:
     D:8: 2877 daAuts
     D:3: 2202 daAuts
    D:10: 1817 daAuts
     D:5: 1777 daAuts
     D:4: 1526 daAuts
     D:6: 1432 daAuts
     D:7: 1264 daAuts
     D:9: 1262 daAuts
     D:2: 1227 daAuts
     D:1: 941 daAuts
   Sewer: 877 daAuts
  Temple: 214 daAuts
